 Dungeon Crawl Stone Soup version 0.31.0-32-g396128a36d (webtiles) character file.

Game seed: 1394649550998454751

2716 gohu the Thaumaturge (level 9, -7/68 HPs)
             Began as a Djinni Fire Elementalist on Mar 16, 2024.
             Was an Initiate of Makhleb.
             Mangled by a killer bee (9 damage)
             ... on level 7 of the Dungeon.
             The game lasted 00:12:50 (6464 turns).

gohu the Thaumaturge (Djinni Fire Elementalist)     Turns: 6464, Time: 00:12:51

Health: -7/68      AC:  2    Str:  7    XL:     9   Next: 98%
Gold:   329        EV: 13    Int: 21    God:    Makhleb [......] SH:  0 Dex: 20

rFire   + + .        w - +9 mace of In Flagrante Delicto {venom, rPois Dex+6}
rCold   x . .        (no shield)
rNeg    + . .        a - +0 robe
rPois   ∞            (no helmet)
rElec   .            (no cloak)
rCorr   .            (no gloves)
SInv    .            (boots unavailable)
Will    .....        B - amulet of faith
Stlth   ++           s - ring of positive energy
HPRegen 0.31/turn    (no ring)
MPRegen 0.00/turn

%: faith, infuse magic (-8 HP)
@: flying, studying Stealth
A: sickness immunity, fire resistance 2, cold vulnerability 1, float, innate
caster, HP casting, extra vitality 1
a: Renounce Religion


You were on level 7 of the Dungeon.
You worshipped Makhleb.
Makhleb was noncommittal.
You visited 1 branch of the dungeon, and saw 9 of its levels.

You collected 329 gold pieces.

Inventory:

Hand Weapons
 t - a +1 spear of pain
 w - the +9 mace of In Flagrante Delicto (weapon) {venom, rPois Dex+6}
   (You found it on level 5 of the Dungeon)

   Dex+6:     It affects your dexterity (+6).
   rPois:     It protects you from poison
Armour
 a - a +0 robe (worn)
Jewellery
 s - a ring of positive energy (left hand)
 B - an amulet of faith (around neck)
Wands
 z - a wand of flame (7)
 A - a wand of paralysis (6)
Scrolls
 b - a scroll of noise {unknown}
 d - a scroll of silence {unknown}
 e - 3 scrolls of poison {unknown}
 g - a scroll of blinking {unknown}
 h - 4 scrolls of identify {unknown}
 j - 3 scrolls of amnesia {unknown}
 n - 2 scrolls of enchant weapon {unknown}
 o - 4 scrolls of immolation {unknown}
 r - 2 scrolls of teleportation {unknown}
 v - a scroll of enchant armour {unknown}
 x - 2 scrolls of revelation {unknown}
 y - 2 scrolls of fog {unknown}
Potions
 c - a potion of curing
 f - 2 potions of heal wounds {unknown}
 i - 3 potions of enlightenment {unknown}
 k - 3 potions of ambrosia {unknown}
 l - a potion of haste {unknown}
 m - 2 potions of cancellation {unknown}
 p - a potion of resistance {unknown}
 q - 5 potions of magic {unknown}
 u - a potion of experience {unknown}


   Skills:
 * Level 7.2 Fighting
 - Level 2.1 Dodging
 - Level 1.5 Stealth
 + Level 8.9 Spellcasting
 + Level 8.9 Conjurations
 + Level 8.9 Hexes
 + Level 8.9 Summonings
 + Level 8.9 Necromancy
 + Level 8.9 Translocations
 + Level 8.9 Fire Magic
 + Level 8.9 Ice Magic
 + Level 8.9 Air Magic
 + Level 8.9 Earth Magic
 + Level 8.9 Alchemy


You knew the following spells:

 Your Spells              Type           Power      Damage    Failure   Level
a - Foxfire               Conj/Fire      100%       2x1d9     1%          1
b - Scorch                Fire           94%        2d8       1%          2
c - Flame Wave            Conj/Fire      47%        2d12      1%          4
d - Ozocubu's Armour      Ice            47%        N/A       1%          3
e - Volatile Blastmotes   Fire/Tloc      94%        2d17      1%          3
f - Summon Small Mammal   Summ           100%       N/A       1%          1
g - Lesser Beckoning      Tloc           94%        N/A       1%          2
h - Summon Ice Beast      Ice/Summ       47%        N/A       1%          3
i - Inner Flame           Hex/Fire       47%        N/A       1%          3
Your spell library was empty.

Dungeon Overview and Level Annotations

Branches:
Dungeon (9/15)
 Temple: D:4-7         Lair: D:8-11         Orc: D:9-12

Altars:
Ashenzari
Cheibriados
Fedhas
Makhleb
Nemelex Xobeh
Okawaru
Qazlal
Ru
Xom
The Shining One

Shops:
D:2 =


Innate Abilities, Weirdness & Mutations

You are immune to sickness and miasma.
You are immune to poison.
Your flesh is very heat resistant. (rF++)
You are vulnerable to cold. (rC-)
You float through the air rather than walking.
You learn spells naturally, not from books.
Your magical power is your life essence.
You have superior vitality. (+4 MHP)


Message History

(Press . to intensify the flame waves.)
* * * LOW HITPOINT WARNING * * *
Psyche barely misses you.
A wave of flame ripples out!
The flame wave engulfs Psyche!!
You kill Psyche!
Makhleb accepts your kill.
The flame wave engulfs the orc!
You kill the orc!
Makhleb accepts your kill.
* * * LOW HITPOINT WARNING * * *
You hear a shout!
Your Fighting skill increases to level 7!
Your icy armour cracks and falls away as you move.
The killer bee buzzes angrily.
Things that are here:
a +3 dagger of chaos; a +0 robe
There is a stone staircase leading up here.
The killer bee closely misses you. The killer bee stings you!
* * * LOW HITPOINT WARNING * * *
You fly upwards.
The centaur shouts!
The jelly quivers.
The killer bee buzzes angrily. x4; The orc shouts!
Found 11 stones.
There is a stone staircase leading down here.
The killer bee stings you.
* * * LOW HITPOINT WARNING * * *
The killer bee stings you.
* * * LOW HITPOINT WARNING * * *
The killer bee misses you.
The centaur wields a +1 shortbow of flaming.
It bursts into flame!
The centaur shoots an arrow.
The arrow closely misses you.
The arrow completely misses the killer bee.
The killer bee misses you.
The howler monkey hoots and howls with incredible vigour!
The killer bee stings you.
* * * LOW HITPOINT WARNING * * *
The killer bee stings you!
You die...

###...##...##.
....o##...##.
#.....5......
#..(......#..
#............
#.........#
#..hyyy...#
#.yJy@....#
#...yy....#
..............#
###.....c...###
##..(....##
##.....##
#######


You could see a centaur, a howler monkey, a jelly, 7 killer bees, a shadow imp
(wandering) and an orc.

Vanquished Creatures
  Psyche (D:8)
  A vampire (D:8)
  2 water moccasins
  An orc warrior (D:6)
  An ice beast (D:6)
  2 black bears
  A centaur (D:6)
  A phantom (D:5)
  A bullfrog (D:8)
  3 scorpions
  2 killer bees (D:8)
  A howler monkey (D:6)
  6 bombardier beetles
  3 jellies
  An orc priest (D:5)
  2 hounds
  An iguana (D:5)
  6 orc wizards
  8 adders
  4 gnolls (D:4)
  2 white imps
  2 dart slugs (D:2)
  13 orcs
  5 bats
  7 endoplasms
  5 giant cockroaches
  8 hobgoblins
  2 jackals (D:4)
  8 quokkas
  7 ball pythons
  4 frilled lizards
  3 goblins
  4 kobolds
  2 rats
120 creatures vanquished.

Vanquished Creatures (collateral kills)
  Joseph (D:8)
  2 killer bees (D:8)
  A crimson imp (D:6)
  2 orcs (D:8)
6 creatures vanquished.

Vanquished Creatures (others)
  271 foxfires
271 creatures vanquished.

Grand Total: 397 creatures vanquished

Notes
Turn   | Place    | Note
-------+----------+-------------------------------------------
     0 | D:1      | gohu the Djinni Fire Elementalist began the quest for the
                  | Orb.
     0 | D:1      | gohu set off with the following spells memorised: Foxfire,
                  | Scorch, Volatile Blastmotes, Inner Flame, Flame Wave.
     0 | D:1      | Reached XP level 1. HP: 15/15 MP: 0/0
   174 | D:1      | Reached XP level 2. HP: 11/21 MP: 0/0
   860 | D:1      | Reached XP level 3. HP: 20/25 MP: 0/0
   860 | D:1      | Learned a level 1 spell: Summon Small Mammal
  1211 | D:2      | Reached XP level 4. HP: 28/31 MP: 0/0
  1244 | D:2      | Identified the +9 sling of Valiance {heavy, rPois}
  1287 | D:2      | Found Keoq Ema's Jewellery Boutique.
  1452 | D:2      | Reached XP level 5. HP: 34/35 MP: 0/0
  1452 | D:2      | Learned a level 2 spell: Lesser Beckoning
  2144 | D:3      | Reached skill level 5 in Spellcasting
  2144 | D:3      | Reached skill level 5 in Conjurations
  2144 | D:3      | Reached skill level 5 in Hexes
  2144 | D:3      | Reached skill level 5 in Summonings
  2144 | D:3      | Reached skill level 5 in Necromancy
  2144 | D:3      | Reached skill level 5 in Translocations
  2144 | D:3      | Reached skill level 5 in Fire Magic
  2144 | D:3      | Reached skill level 5 in Ice Magic
  2144 | D:3      | Reached skill level 5 in Air Magic
  2144 | D:3      | Reached skill level 5 in Earth Magic
  2144 | D:3      | Reached skill level 5 in Alchemy
  2232 | D:3      | Reached XP level 6. HP: 39/40 MP: 0/0
  2264 | D:3      | Found a sacrificial altar of Ru.
  3187 | D:4      | Reached XP level 7. HP: 19/45 MP: 0/0
  3187 | D:4      | Learned a level 3 spell: Summon Ice Beast
  3746 | D:5      | Entered Level 5 of the Dungeon
  3746 | D:5      | Noticed a water moccasin
  3905 | D:5      | Found a snail-covered altar of Cheibriados.
  4005 | D:5      | Identified the +9 mace of In Flagrante Delicto {venom,
                  | rPois Dex+6}
  4034 | D:5      | Killed a water moccasin
  4035 | D:5      | Reached XP level 8. HP: 35/50 MP: 0/0
  4279 | D:5      | Reached skill level 1 in Fighting
  4408 | D:5      | Found a glowing golden altar of the Shining One.
  4643 | D:5      | Found a blossoming altar of Fedhas.
  4643 | D:5      | Found a stormy altar of Qazlal.
  4653 | D:5      | Found a shimmering altar of Xom.
  4657 | D:5      | Found a sparkling altar of Nemelex Xobeh.
  5210 | D:6      | Found an iron altar of Okawaru.
  5375 | D:6      | Reached XP level 9. HP: 56/63 MP: 0/0
  5375 | D:6      | Learned a level 3 spell: Ozocubu's Armour
  5532 | D:6      | Found a burning altar of Makhleb.
  5541 | D:6      | Became a worshipper of Makhleb the Destroyer
  5587 | D:6      | You are sucked into a shaft and drop 3 floors!
  5590 | D:8      | Noticed Joseph
  5610 | D:8      | Paralysed by Joseph for 5 turns
  5614 | D:8      | Killed Joseph
  5615 | D:8      | Reached skill level 5 in Fighting
  5824 | D:8      | Found a broken altar of Ashenzari.
  6448 | D:8      | Noticed Psyche
  6459 | D:8      | Killed Psyche
  6464 | D:7      | HP: 2/68 [killer bee (3)]
  6464 | D:7      | Mangled by a killer bee

Illustrated notes

Levels and vault maps discovered:
D:1:      psy_arrival_conway, layout_basic, solitary_fountain, glass_columns_a
D:2:      layout_basic, serial_shops, nicolae_shop_gibbet_a_chance
D:3:      layout_basic, mainiacjoe_overflow_cross_hatched
D:4:      layout_rooms, serial_library, serial_library_hellmonk_narrow_alcove,
          serial_library_hellmonk_small_alcove, serial_library_hellmonk_h_bend,
          serial_library_regret_index_small_wings,
          serial_library_regret_index_split_case,
          serial_library_regret_index_multi,
          serial_library_hellmonk_secret_room,
          serial_library_regret_index_multi, serial_library_hellmonk_hallway_b
D:5:      layout_loops_cross, palyth_temple_overflow_mages,
          mainiacjoe_overflow_alcove_1, kennysheep_mini_moat,
          nicolae_overflow_macrodata_refinement, st_stairs_11
D:6:      layout_loops_ring, makhleb_grotto_becter,
          mainiacjoe_overflow_small_starburst, minmay_fountain_box
D:7:      layout_rooms, nicolae_dithmenos_the_darkroom,
          minmay_temple_entry_stoned_glass, serial_shops,
          nicolae_shop_getting_attention, chequers_arboretum,
          uniq_crazy_yiuf_cottage
D:8:      layout_basic, amcnicky_altar_gilded, uniq_joseph, uniq_psyche
D:9:      layout_rooms, serial_undead, serial_undead_d, serial_undead_b,
          serial_undead_d, serial_undead_a

Skill      XL: |  1  2  3  4  5  6  7  8  9 |
---------------+----------------------------+-----
Spellcasting   | 4 5 6 7 8 |  8.9
Conjurations   | 4 5 6 7 8 |  8.9
Hexes          | 4 5 6 7 8 |  8.9
Summonings     | 4 5 6 7 8 |  8.9
Necromancy     | 4 5 6 7 8 |  8.9
Translocations | 4 5 6 7 8 |  8.9
Fire Magic     | 4 5 6 7 8 |  8.9
Ice Magic      | 4 5 6 7 8 |  8.9
Air Magic      | 4 5 6 7 8 |  8.9
Earth Magic    | 4 5 6 7 8 |  8.9
Alchemy        | 4 5 6 7 8 |  8.9
Fighting       | 4 7 |  7.2
Dodging        | |  2.1
Stealth        | |  1.5

Action                     |  1- 3 |  4- 6 |  7- 9 || total
---------------------------+-------+-------+-------++-------
  Melee: Spear             |       |       |     1 ||     1
         Mace              |       |       |     4 ||     4
   Cast: Foxfire           |    46 |    51 |    71 ||   168
         Scorch            |    12 |    35 |    39 ||    86
         Volatile Blastmot |       |     1 |    17 ||    18
         Flame Wave        |       |       |     7 ||     7
         Ozocubu's Armour  |       |       |     9 ||     9
         Summon Ice Beast  |       |       |     5 ||     5
    Use: Potion            |       |       |     2 ||     2
 Armour: Robe              |     4 |    18 |    72 ||    94
  Dodge: Dodged            |     7 |    21 |    53 ||    81
